 Dungeon Crawl Stone Soup version 0.25-a0-474-ga8a2ee3166 (console) character file.

Game seed: 5062963166909309471, levelgen mode: deterministic

6867 toffzen the Grappler (level 10, -4/106 HPs)
             Began as a Troll Fighter on Feb 7, 2020.
             Was a Priest of Elyvilon.
             Slain by a tengu warrior
             ... wielding a +0 long sword
              (18 damage)
             ... on level 9 of the Dungeon.
             The game lasted 00:20:43 (8234 turns).

toffzen the Grappler (Troll Fighter)                Turns: 8234, Time: 00:20:44

Health: -4/106     AC:  9    Str: 29    XL:     10   Next: 78%
Magic:  9/9        EV:  9    Int:  4    God:    Elyvilon [***...]
Gold:   475        SH: 10    Dex:  9    Spells: 9/9 levels left

rFire    + . .     SeeInvis +     - Unarmed
rCold    + . .     Gourm    +   z - +0 shield
rNeg     . . .     Faith    .   B - +1 robe {rC+ rF+}
rPois    .         Spirit   .   K - +1 hat
rElec    .         Reflect  .   q - +0 cloak
rCorr    .         Harm     .   (gloves unavailable)
MR       .....                  (boots unavailable)
Stlth    ++........             (no amulet)
HPRegen  0.67/turn              i - ring of stealth
MPRegen  0.11/turn              I - ring of see invisible

@: lethally poisoned (-4 -> -4)
A: large, unfitting armour, claws 3, fast metabolism 3, gourmand, regeneration
1, shaggy fur 1, tough skin 3
a: Lesser Healing, Heal Other, Purification, Divine Protection, Renounce
Religion


You were on level 9 of the Dungeon.
You worshipped Elyvilon.
Elyvilon was most pleased with you.
You were not hungry.

You visited 2 branches of the dungeon, and saw 10 of its levels.
You also visited: Bailey.

You collected 475 gold pieces.

Inventory:

Hand Weapons
 b - a +1 vorpal flail
 o - the +2 whip "Qaemowk" {vorpal, SInv}
   (You found it on level 4 of the Dungeon)

   It inflicts extra damage upon your enemies.
   It lets you see invisible.
Missiles
 a - 2 atropa-tipped darts
 e - a throwing net
 f - 134 bolts
 j - 138 stones (quivered)
 x - 4 large rocks
 y - 4 curare-tipped darts
 C - 3 boomerangs
 J - 14 poisoned darts
Armour
 q - a +0 cloak (worn)
 z - a +0 shield (worn)
 A - a +0 hat
 B - a +1 robe of resistance (worn)
 K - a +1 hat (worn)
 L - a +2 robe of magic resistance
Jewellery
 i - a ring of stealth (left claw)
 E - an uncursed ring of flight
 I - a ring of see invisible (right claw)
 M - a +2 ring of strength
Wands
 v - a wand of disintegration (27)
 w - a wand of flame (55)
Scrolls
 c - a scroll of noise
 g - 3 scrolls of enchant armour
 h - a scroll of fog
 l - 4 scrolls of remove curse
 n - a scroll of blinking
 p - 2 scrolls of magic mapping {unknown}
 t - 3 scrolls of teleportation
 u - 2 scrolls of enchant weapon {unknown}
 H - 2 scrolls of fear
 N - a scroll of vulnerability {unknown}
Potions
 k - a potion of resistance
 m - 3 potions of heal wounds
 r - 5 potions of curing
 s - 2 potions of flight
 F - 2 potions of lignification {unknown}
 G - a potion of berserk rage {unknown}
Comestibles
 d - 17 rations


   Skills:
 + Level 8.5 Fighting
 - Level 2.4 Dodging
 + Level 6.0 Shields
 + Level 11.8 Unarmed Combat


You had 9 spell levels left.
You didn't know any spells.
Your spell library contained the following spells:

 Spells                   Type           Power        Failure   Level  Hunger
 Beastly Appendage        Tmut           #.....       71%         1    ##.....
 Freeze                   Ice            #...         71%         1    ##.....
 Sticks to Snakes         Tmut           #.......     85%         2    ###....
 Frozen Ramparts          Ice            #.....       97%         3    ####...
 Ozocubu's Armour         Chrm/Ice       #.......     97%         3    ####...
 Spider Form              Tmut/Pois      #.........   97%         3    ####...
 Cause Fear               Hex            #.........   100%        4    #####..
 Hailstorm                Conj/Ice       #.......     100%        4    #####..
 Ice Form                 Ice/Tmut       #.......     100%        4    #####..
 Summon Ice Beast         Ice/Summ       #.......     100%        4    #####..
 Blade Hands              Tmut           #.........   100%        5    ######.
 Silence                  Hex/Air        #.........   100%        5    ######.
 Yara's Violent Unravell  Hex/Tmut       #.........   100%        5    ######.
 Deflect Missiles         Chrm/Air       #.........   100%        6    #######
 Discord                  Hex            #.........   100%        8    #######


Dungeon Overview and Level Annotations

Branches:
Dungeon (9/15)             Temple (1/1) D:6          Bailey (visited)
   Lair: D:8-11         Orc: D:9-12

Altars:
Ashenzari
Dithmenos
Elyvilon
Fedhas
Gozag
Hepliaklqana
Kikubaaqudgha
Makhleb
Nemelex Xobeh
Okawaru
Ru
Sif Muna
Trog
Uskayaw
Vehumet
Wu Jian
Xom
Yredelemnul
Zin
The Shining One

Shops:
D:5 [


Innate Abilities, Weirdness & Mutations

You are too large for most types of armour.
You have claws for hands.
Your metabolism is lightning-fast.
You like to eat raw meat.
Your natural rate of healing is unusually fast.
You are covered in fur. (AC +1)
You have extremely tough skin. (AC +3)


Message History

The tengu warrior hits you with a +0 long sword!
The tengu warrior pecks you but does no damage.
The tengu warrior claws you!
You are too injured to fight recklessly!
You are too injured to fight recklessly!
You are too injured to fight recklessly!
You miss the tengu warrior.
The tengu warrior is almost dead.
The tengu warrior hits you with a +0 long sword!
* * * LOW HITPOINT WARNING * * *
The tengu warrior pecks you!
* * * LOW HITPOINT WARNING * * *
The tengu warrior barely misses you.
You miss the tengu warrior.
The tengu warrior is almost dead.
You barely miss the tengu warrior.
The tengu warrior is almost dead.
You feel sick.
The tengu warrior hits you with a +0 long sword!!
You die...

.######....# #.........(######
.##...'....# ####.....###..#...#/
.##...#..#.###...................
.##...#..#.....#####'#########+##
.#....#..#.##..#....... .#
.##...#..#.###(# #..####.#
.##...#..'.# #.# ......#
.#....#..#.# #(######..###.#..
.##...#..#.# #.)@Qs......'....
.##...#..#.# #.###..######.#..
###...#....# #.#....... ..
#...#....# #.#.####..# .##
#####....# #.#. ....... #.#
###### #.#####'#########Y##
#.#.........##...Q.#
##.#.#.#.#.#.#..#.... #
#######..#.........#..##...


You could see a tengu warrior and a scorpion.

Vanquished Creatures
  A tengu warrior (D:9)
  An unseen horror (D:9)
  3 orc sorcerers (D:9)
  A cyclops (D:9)
  3 hippogriffs
  A wyvern (D:3)
  2 hungry ghosts (D:9)
  A black bear (D:8)
  An ice beast (D:9)
  2 phantoms
  3 sky beasts
  6 ogres
  A centaur (D:9)
  Blork the orc (D:4)
  4 bullfrogs
  A gnoll sergeant (D:9)
  4 scorpions
  3 crimson imps
  2 quasits
  2 bullfrog zombies
  3 orc priests (D:8)
  A centaur skeleton (D:8)
  A hound (D:4)
  3 jellies
  3 bullfrog skeletons
  3 iguanas
  Natasha (thrice) (D:4)
  7 orc wizards
  7 worker ants
  2 hound skeletons (D:9)
  A worker ant zombie (D:9)
  A howler monkey skeleton (D:5)
  7 gnolls
  13 adders
  A shadow imp (D:8)
  2 adder skeletons
  3 worms
  A dart slug (D:2)
  3 leopard geckos
  25 orcs
  2 giant cockroaches
  12 goblins
  A hobgoblin (D:3)
  11 jackals
  6 kobolds
  4 quokkas
  4 ball pythons
  A ball python skeleton (D:4)
  5 bats
  4 frilled lizards (D:2)
  10 rats
193 creatures vanquished.

Notes
Turn   | Place    | Note
-------+----------+-------------------------------------------
     0 | D:1      | toffzen the Troll Fighter began the quest for the Orb.
     0 | D:1      | Reached XP level 1. HP: 22/22 MP: 0/0
   174 | D:1      | Reached XP level 2. HP: 29/29 MP: 1/1
   778 | D:2      | Reached skill level 3 in Unarmed Combat
   782 | D:2      | Reached XP level 3. HP: 35/36 MP: 2/2
  1000 | D:2      | Reached XP level 4. HP: 26/45 MP: 3/3
  1117 | D:2      | Reached skill level 4 in Unarmed Combat
  1686 | D:3      | Noticed an ogre
  1694 | D:3      | Killed an ogre
  1694 | D:3      | Reached XP level 5. HP: 53/53 MP: 4/4
  1755 | D:3      | Reached skill level 5 in Unarmed Combat
  1875 | D:3      | Found a shimmering blue altar of Sif Muna.
  1952 | D:3      | Noticed a wyvern
  1962 | D:3      | HP: 2/53 [wyvern (13)]
  1963 | D:3      | Killed a wyvern
  1963 | D:3      | Reached XP level 6. HP: 2/62 MP: 5/5
  2571 | D:4      | Reached skill level 6 in Unarmed Combat
  2583 | D:4      | Noticed Natasha
  2596 | D:4      | Killed Natasha
  2600 | D:4      | Noticed Natasha
  2603 | D:4      | Got a crystal whip
  2609 | D:4      | Killed Natasha
  2780 | D:4      | Reached XP level 7. HP: 64/70 MP: 6/6
  2859 | D:4      | Noticed Blork the orc
  2876 | D:4      | Killed Blork the orc
  2898 | D:4      | Reached skill level 7 in Unarmed Combat
  3127 | D:4      | Noticed Natasha
  3134 | D:4      | Killed Natasha
  3215 | D:4      | Reached skill level 5 in Fighting
  3348 | D:5      | Entered Level 5 of the Dungeon
  3441 | D:5      | Identified the +2 whip "Qaemowk" {vorpal, SInv} (You found
                  | it on level 4 of the Dungeon)
  3458 | D:5      | Reached XP level 8. HP: 72/80 MP: 7/7
  3682 | D:5      | Reached skill level 8 in Unarmed Combat
  3716 | D:5      | Found Zischuf's Armour Boutique.
  4264 | D:6      | Found a glowing golden altar of the Shining One.
  4656 | D:6      | Found a basalt altar of Yredelemnul.
  4722 | D:6      | Noticed a hippogriff
  4731 | D:6      | Killed a hippogriff
  4812 | D:6      | Found a staircase to the Ecumenical Temple.
  4818 | Temple   | Entered the Ecumenical Temple
  4883 | Temple   | Became a worshipper of Elyvilon the Healer
  5356 | D:7      | Reached skill level 9 in Unarmed Combat
  5464 | D:7      | Reached * piety under Elyvilon
  5536 | D:7      | Found a shimmering altar of Xom.
  5627 | D:7      | Found a sacrificial altar of Ru.
  5659 | D:7      | Found a hide-covered altar of Uskayaw.
  5714 | D:7      | Found a flagged portal.
  5723 | Bailey   | Entered a bailey
  5723 | Bailey   | Noticed an orc knight
  5723 | Bailey   | Noticed an orc knight
  5778 | D:7      | Found a shimmering altar of Xom.
  5781 | D:7      | Found a shimmering altar of Xom.
  5782 | D:7      | Found a shimmering altar of Xom.
  5783 | D:7      | Found a shimmering altar of Xom.
  6023 | D:8      | Reached XP level 9. HP: 89/89 MP: 8/8
  6040 | D:8      | Reached skill level 10 in Unarmed Combat
  6071 | D:8      | Found an ancient bone altar of Kikubaaqudgha.
  6533 | D:8      | Reached ** piety under Elyvilon
  7490 | D:9      | Noticed an orc sorcerer
  7490 | D:9      | Noticed an orc sorcerer
  7491 | D:9      | Found the +3 pair of gauntlets of War {Slay+5}
  7491 | D:9      | Noticed an orc sorcerer
  7496 | D:9      | Paralysed by an orc sorcerer for 2 turns
  7496 | D:9      | Noticed a hellwing
  7497 | D:9      | Noticed a hellwing
  7498 | D:9      | Noticed an orange demon
  7499 | D:9      | Killed an orc sorcerer
  7731 | D:9      | Reached skill level 11 in Unarmed Combat
  7731 | D:9      | Reached XP level 10. HP: 94/102 MP: 9/9
  7778 | D:9      | Killed an orc sorcerer
  7823 | D:9      | Noticed a cyclops
  7823 | D:9      | Noticed an unseen horror
  7927 | D:9      | Noticed a tengu warrior
  7940 | D:9      | Killed a tengu warrior
  7940 | D:9      | Reached skill level 5 in Shields
  7945 | D:9      | Killed a cyclops
  7949 | D:9      | Killed an orc sorcerer
  7959 | D:9      | Noticed a tengu warrior
  8005 | D:9      | Killed an unseen horror
  8174 | D:9      | Reached *** piety under Elyvilon
  8234 | D:9      | Slain by a tengu warrior

Levels and vault maps discovered:
D:1:      lemuel_arrival_room, layout_basic, serial_park_tiny_pond
D:2:      layout_basic, first_ration
D:3:      layout_basic, lemuel_crystal_altar, serial_bayou_pond_e
D:4:      layout_basic, minmay_misc_feat_nine_boxes, uniq_natasha,
          uniq_blork_the_orc
D:5:      layout_basic, serial_shops, nicolae_shop_behind_doors
D:6:      layout_cave_pods, overflow_temple_1_default, lemuel_crystal_altar,
          minmay_temple_entry_enclosed_plants
D:7:      layout_cave_pools, xom_redecorated, lemuel_round_altar,
          old_standard_altar, enter_bailey_8
D:8:      layout_basic, kiku_gazebo_pond_becter
D:9:      minmay_the_grid_3x2 [minmay_the_grid_dragon_b,
          minmay_the_grid_tri_star, minmay_the_grid_minigrid_small,
          minmay_the_grid_gridbox, minmay_the_grid_broken_lines,
          minmay_the_grid_prize_big_room], layout_stronghold, slow_altar_2,
          nicolae_qazlal_style_of_elements, serial_shops,
          nicolae_shop_window_shopping, ebering_ghost_inner_flame,
          grunt_ministairs_15
Temple:   cyrus_circular_temple

Skill      XL: |  1  2  3  4  5  6  7  8  9 10 |
---------------+-------------------------------+-----
Unarmed Combat | 3 4 5 6 7 9 11 | 11.8
Fighting       | 3 4 5 6 7 8 |  8.5
Shields        | 4 6 |  6.0
Dodging        | |  2.4

Action                   |  1- 3 |  4- 6 |  7- 9 | 10-12 || total
-------------------------+-------+-------+-------+-------++-------
Melee: Unarmed           |    91 |   158 |   333 |    67 ||   649
Throw: Stone             |       |     7 |    10 |       ||    17
Invok: Lesser Healing    |       |       |     2 |       ||     2
Evoke: Wand              |       |       |     1 |       ||     1
  Use: Potion            |       |     1 |     1 |     1 ||     3
       Scroll            |       |     4 |     9 |     2 ||    15
 Stab: Sleeping          |     1 |     1 |     4 |       ||     6
       Fleeing           |       |       |       |     1 ||     1
  Eat: Chunk             |    14 |    14 |    45 |     9 ||    82
       Ration            |       |       |     1 |       ||     1
Armor: Robe              |    20 |    48 |    87 |    18 ||   173
Dodge: Dodged            |    25 |    41 |    75 |    24 ||   165
Block: Shield            |    30 |    64 |   104 |    35 ||   233

Table legend:
 A = Non-vault XP
 B = Vault XP
 C = Vault XP percentage of total XP
 D = Non-vault monster count
 E = Vault monster count
 F = Vault count percentage of total count
                 A         B        C        D         E       F
            +---------+---------+-------+---------+---------+-------
      Total |    5207 |    4603 |  46.9 |     174 |      19 |   9.8
            +---------+---------+-------+---------+---------+-------
        D:1 |      29 |       0 |   0.0 |      19 |       0 |   0.0
        D:2 |     121 |       0 |   0.0 |      26 |       0 |   0.0
        D:3 |     404 |       0 |   0.0 |      21 |       0 |   0.0
        D:4 |     680 |     129 |  15.9 |      24 |       2 |   7.7
        D:5 |     165 |       0 |   0.0 |      12 |       0 |   0.0
        D:6 |     560 |       0 |   0.0 |      11 |       0 |   0.0
        D:7 |     676 |       0 |   0.0 |      11 |       0 |   0.0
        D:8 |    1213 |       0 |   0.0 |      29 |       0 |   0.0
        D:9 |    1359 |    4474 |  76.7 |      21 |      17 |  44.7
            +---------+---------+-------+---------+---------+-------
